 Dungeon Crawl Stone Soup version 0.27.1-33-g824d729ab1 (webtiles) character file.

Game seed: 16440779339997325722

6 McKennaii the Caller (level 1, 0/14 HPs)
             Began as a Demigod Summoner on Dec 3, 2021.
             Slain by a quokka (3 damage)
             ... on level 1 of the Dungeon.
             The game lasted 00:01:35 (515 turns).

McKennaii the Caller (Demigod Summoner)              Turns: 515, Time: 00:01:35

Health: 0/14       AC:  2    Str:  9    XL:     1   Next: 60%
Magic:  3/5        EV: 12    Int: 17    God:
Gold:   14         SH:  0    Dex: 14    Spells: 2/3 levels left

rFire    . . .     SeeInvis .   (no weapon)
rCold    . . .     Faith    .   (no shield)
rNeg     . . .     Spirit   .   a - +0 robe
rPois    .         Reflect  .   (no helmet)
rElec    .         Harm     .   (no cloak)
rCorr    .         Rampage  .   (no gloves)
Will     .....                  (no boots)
Stlth    ++........             (no amulet)
HPRegen  0.04/turn              (no ring)
MPRegen  0.09/turn              (no ring)

@: no status effects
A: high mp 1, forlorn
a: no special abilities


You were on level 1 of the Dungeon.
You visited 1 branch of the dungeon, and saw 1 of its levels.

You collected 14 gold pieces.

Inventory:

Armour
 a - a +0 robe (worn)


   Skills:
 + Level 1.8 Dodging
 - Level 2.0 Stealth
 + Level 1.8 Spellcasting
 * Level 3.7 Summonings


You had 2 spell levels left.
You knew the following spells:

 Your Spells              Type           Power      Damage    Failure   Level
a - Summon Small Mammal   Summ           56%        N/A       4%          1

Your spell library contained the following spells:

 Spells                   Type           Power      Damage    Failure   Level
 Call Imp                 Summ           14%        N/A       6%          2
 Call Canine Familiar     Summ           14%        N/A       13%         3
 Summon Guardian Golem    Hex/Summ       7%         N/A       26%         3
 Summon Lightning Spire   Summ/Air       7%         N/A       65%         4


Dungeon Overview and Level Annotations

Branches:
Dungeon (1/15)


Innate Abilities, Weirdness & Mutations

Your attributes grow dramatically as you level up.
You have an increased reservoir of magic. (+10% MP)
You shall have no god before yourself.


Message History

You hit the quokka but do no damage.
Your quokka bites the quokka.
The quokka closely misses you.
You barely miss the quokka.
The quokka is heavily wounded.
Your quokka bites the quokka but does no damage.
The quokka bites you.
You closely miss the quokka.
The quokka is heavily wounded.
Your quokka closely misses the quokka.
The quokka bites you.
Your quokka closely misses the quokka.
You are too injured to fight recklessly!
Your quokka completely misses the quokka.
You are too injured to fight recklessly!
Unknown command.
Your quokka bites the endoplasm.
The quokka bites you.
* * * LOW HITPOINT WARNING * * *
Casting: Summon Small Mammal (safe; 4% risk of failure)
Confirm with . or Enter, or press ? or * to list all spells.
Your quokka bites the endoplasm.
The quokka barely misses you.
Your quokka bites the endoplasm.
You swap places.
The quokka bites your quokka but does no damage.
Your quokka closely misses the quokka.
Unknown command.
Your quokka bites the endoplasm.
The endoplasm dies!
The quokka barely misses your quokka.
Your quokka barely misses the quokka.
The quokka closely misses your quokka.
Your quokka bites the quokka but does no damage.
Your quokka closely misses the quokka.
The quokka bites your quokka.
Your quokka dies!
Your quokka's corpse disappears in a puff of smoke!
Your quokka closely misses the quokka.
You are too injured to fight recklessly!
Casting: Summon Small Mammal (safe; 4% risk of failure)
Confirm with . or Enter, or press ? or * to list all spells.
You hit the quokka but do no damage.
The quokka is heavily wounded.
The quokka bites you.
You die...

.# ### .#
#.. .. #.#
.# #.# .#
#.# .#
#r#####.#
#.#@rr....#
#.#.#####.#
#.#.#...#.#
#.#.#.#)#.#
#.#.#b#.#.#
#.#...#.#.#
##.#####.#.#
#........#..
#..#####.#


You could see a quokka (ally target) and 2 friendly quokkas.

Vanquished Creatures
  A kobold (D:1)
1 creature vanquished.

Vanquished Creatures (collateral kills)
  2 ball pythons (D:1)
  2 endoplasms (D:1)
  A giant cockroach (D:1)
  2 rats (D:1)
7 creatures vanquished.

Grand Total: 8 creatures vanquished

Notes
Turn   | Place    | Note
-------+----------+-------------------------------------------
     0 | D:1      | McKennaii the Demigod Summoner began the quest for the Orb.
     0 | D:1      | Reached XP level 1. HP: 14/14 MP: 5/5
   515 | D:1      | Slain by a quokka

Illustrated notes

Levels and vault maps discovered:
D:1:      mrwooster_arrival_statue_3, layout_basic, roderic_lattice_a,
          minmay_splitting_lines

Skill      XL: |  1 |
---------------+----+-----
Stealth        | 2 |  2.0
Dodging        | |  1.8
Spellcasting   | |  1.8
Summonings     | |  3.7

Action                   || total
-------------------------++-------
Melee: Unarmed           ||    11
 Cast: Summon Small Mamm ||    13
Armor: Robe              ||     3
Dodge: Dodged            ||    13
